[Event "Team 45 45 League T71"]
[Site "Internet Chess Club"]
[Date "2017.01.22"]
[Round "6"]
[White "MikeTtheGuru"]
[Black "cadmiumorange"]
[Result "1-0"]
[WhiteElo "1952"]
[BlackElo "1730"]
[Opening "English: closed, 5.Rb1"]
[ECO "A25"]
[Time "12:07:24"]
[TimeControl "2700+45"]

1. c4 Nc6 2. Nc3 e5 3. g3 g6 4. Bg2 Bg7 5. Rb1 a5 6. a3 f5 7. d3 d6 8. b4 axb4
9. axb4 h6 10. e3 Nf6 11. Nge2 O-O 12. O-O Ne7 13. b5 g5 14. Qb3 Kh8 15. Rd1 Ng6
16. f4 g4 17. Bb2 h5 18. Nd5 h4 19. Nxf6 Bxf6 20. d4 h3 21. dxe5 Bg7 22. Bh1 Qe8
23. exd6 Bxb2 24. Qxb2+ Kh7 25. Kf2 cxd6 26. Rxd6 Be6 27. Bd5 Bxd5 28. Rxd5 Rf7
29. Qc2 Ra3 30. Nc3 Rxc3 31. Qxc3 Qe4 32. Rg1 Re7 33. Rd3 Nxf4 34. gxf4 Qf3+ 35.
Ke1 g3 36. hxg3 h2 37. Rf1 Qxg3+ 38. Kd1 Qf3+ 39. Rxf3 h1=Q+ 40. Ke2 Rg7 41. e4
Rg2+ 42. Rf2 Qh5+ 43. Rf3 Rg1 44. Qe5 {Black resigns} 1-0

[Event "Team 45 45 League T71"]
[Site "Internet Chess Club"]
[Date "2017.01.22"]
[Round "6"]
[White "achessman"]
[Black "jjimalo"]
[Result "1-0"]
[WhiteElo "1920"]
[BlackElo "1760"]
[Opening "Sicilian: Alapin's variation (2.c3)"]
[ECO "B22"]
[Time "11:00:27"]
[TimeControl "2700+45"]

1. e4 c5 2. c3 Nf6 3. e5 Nd5 4. Nf3 d6 5. d4 cxd4 6. cxd4 e6 7. Bd3 Nc6 8. O-O
Be7 9. Nc3 Nxc3 10. bxc3 dxe5 11. dxe5 Qa5 12. Qe2 O-O 13. Qe4 g6 14. c4 f5 15.
exf6 Bxf6 16. Bh6 Re8 17. Rae1 e5 18. Qd5+ Qxd5 19. cxd5 Nd8 20. Bb5 Re7 21. d6
Rf7 22. Nxe5 Bxe5 23. Rxe5 {Black resigns} 1-0

[Event "Team 45 45 League T71"]
[Site "Internet Chess Club"]
[Date "2017.01.23"]
[Round "6"]
[White "elmaestro"]
[Black "LookImYourVader"]
[Result "1/2-1/2"]
[WhiteElo "1713"]
[BlackElo "1779"]
[Opening "English: Anglo-Grünfeld, Czech defense"]
[ECO "A10"]
[Time "15:10:09"]
[TimeControl "2700+45"]

1. c4 d5 2. cxd5 Nf6 3. Nc3 Nxd5 4. g3 g6 5. Bg2 Nb6 6. Nf3 Bg7 7. O-O Nc6 8. a3
O-O 9. b4 a6 10. Rb1 Bxc3 11. dxc3 Bf5 12. Ra1 Qxd1 13. Rxd1 Rad8 14. Bf4 Nd5
15. Bd2 Bc2 16. Rdc1 Be4 17. Bh6 Rfe8 18. c4 Nf6 19. Bf4 e5 20. Bg5 Kg7 21. Nd2
Bxg2 22. Kxg2 h6 23. Bxf6+ Kxf6 24. Ne4+ Kg7 25. Rd1 b6 26. e3 a5 27. b5 Rxd1
28. Rxd1 Rd8 29. Rxd8 Nxd8 30. c5 Ne6 31. cxb6 cxb6 32. Nd6 Nc7 33. a4 Nd5 34.
Nc4 e4 35. Kf1 f5 36. Ke1 Kf6 37. Kd2 Ke6 38. h4 g5 39. hxg5 hxg5 40. Kc2 Nb4+
41. Kd2 Nd5 42. Kc2 {Game drawn by mutual agreement} 1/2-1/2

[Event "Team 45 45 League T71"]
[Site "Internet Chess Club"]
[Date "2017.01.24"]
[Round "6"]
[White "Konstantinos"]
[Black "pishd"]
[Result "0-1"]
[WhiteElo "1670"]
[BlackElo "1739"]
[Opening "QGD semi-Slav: 5.e3"]
[ECO "D45"]
[Time "10:10:26"]
[TimeControl "2700+45"]

1. d4 Nf6 2. c4 e6 3. Nc3 d5 4. e3 c6 5. Nf3 Bd6 6. Be2 Nbd7 7. O-O dxc4 8. Bxc4
b5 9. Be2 O-O 10. b3 b4 11. Na4 a5 12. Bb2 Ba6 13. Rc1 Bxe2 14. Qxe2 Qc7 15. Rc2
Rfc8 16. Rfc1 Qb7 17. Nd2 Nd5 18. Qf3 Qb5 19. g3 Ne7 20. e4 Qg5 21. Nc4 Bc7 22.
Rd1 h5 23. Bc1 Qg4 24. Qxg4 hxg4 25. Bg5 f6 26. Be3 Kf7 27. Bc1 Kg6 28. Re1 Ra6
29. Ne3 f5 30. exf5+ Nxf5 31. Nxf5 Kxf5 32. Nc5 Nxc5 33. Rxc5+ Kf6 34. Re4 Bd6
35. Rg5 a4 36. Rgxg4 axb3 37. Bg5+ Kf7 38. axb3 Ra3 39. Re3 c5 40. dxc5 Bxc5 41.
Rd3 Rc7 42. Bf4 Rb7 43. Be5 Kg8 44. Rf4 Ra8 45. Kg2 Re8 46. h4 Rf7 47. Rxf7 Kxf7
48. Rf3+ Kg8 49. Kh3 Rd8 50. Bf4 Be7 51. Be5 Bc5 52. Rf4 Rd5 53. Bc7 Rd3 54. Be5
Rxb3 55. Rg4 Bf8 56. Rc4 Rf3 57. Kg2 Rf5 58. f4 Rf7 59. Rc6 Re7 60. Bd6 Rd7 61.
Bxf8 Kxf8 62. Rxe6 Rb7 63. Re2 b3 64. Rb2 Ke7 65. Kf3 Kd6 66. Ke3 Kc5 67. Ke4
Kb4 68. Kf5 Kc3 69. Rb1 Kc2 70. Rf1 b2 71. Kg6 b1=Q 72. Rxb1 Kxb1 73. f5 Kc2 74.
h5 Kd3 75. h6 gxh6 76. Kxh6 Ke4 77. Kg6 Ke5 78. g4 Rb6+ 79. Kg7 Rf6 80. g5 Rxf5
81. Kh6 Ke6 82. g6 Ke7 83. Kh7 Kf6 84. g7 Rh5+ 85. Kg8 Rg5 86. Kh8 Kf7 {White
resigns} 0-1

[Event "Team 45 45 League T71"]
[Site "Internet Chess Club"]
[Date "2017.01.22"]
[Round "6"]
[White "SlimeDog2"]
[Black "anna"]
[Result "1-0"]
[WhiteElo "2098"]
[BlackElo "1837"]
[Opening "QGD: exchange, positional line"]
[ECO "D35"]
[Time "16:32:15"]
[TimeControl "2700+45"]

1. d4 d5 2. c4 e6 3. Nc3 Nf6 4. cxd5 exd5 5. Bg5 Be7 6. e3 c6 7. Bd3 Nbd7 8. Qc2
h6 9. Bh4 O-O 10. Nge2 Re8 11. f3 Qb6 12. O-O-O c5 13. Nf4 c4 14. Bf5 g5 15.
Nfxd5 Nxd5 16. Nxd5 Qb5 17. Nc7 {Black resigns} 1-0

[Event "Team 45 45 League T71"]
[Site "Internet Chess Club"]
[Date "2017.01.21"]
[Round "6"]
[White "Elton2013"]
[Black "cysk"]
[Result "1-0"]
[WhiteElo "1839"]
[BlackElo "1740"]
[Opening "Dutch defense"]
[ECO "A81"]
[Time "09:03:30"]
[TimeControl "2700+45"]

1. d4 f5 2. g3 Nf6 3. Bg2 e6 4. Nf3 d5 5. O-O Bd6 6. b3 Qe7 7. a4 a5 8. Ba3 O-O
9. c4 b6 10. Qc2 Nbd7 11. Bxd6 cxd6 12. Nc3 dxc4 13. bxc4 Bb7 14. Qb3 Kh8 15.
Nb5 Bxf3 16. Bxf3 Ne4 17. Bxe4 fxe4 18. Qa3 e5 19. Qxd6 Qxd6 20. Nxd6 exd4 21.
Nxe4 Rae8 22. f3 Nf6 23. Nxf6 Rxf6 24. Kf2 Rc8 25. Rfc1 Rfc6 26. Rab1 Rxc4 27.
Rxc4 Rxc4 28. Rxb6 h6 29. Rd6 Rxa4 30. Ke1 Rb4 31. Kd2 a4 32. Kd3 Rb8 33. Rxd4
Ra8 34. Kc2 a3 35. Kb1 a2+ 36. Ka1 Rc8 37. Rd2 {Black resigns} 1-0

[Event "Team 45 45 League T71"]
[Site "Internet Chess Club"]
[Date "2017.01.21"]
[Round "6"]
[White "qs16"]
[Black "vjbaker"]
[Result "0-1"]
[WhiteElo "1544"]
[BlackElo "1797"]
[Opening "Sicilian defense"]
[ECO "B30"]
[Time "15:01:07"]
[TimeControl "2700+45"]

1. e4 c5 2. Nf3 Nc6 3. Bc4 g6 4. c3 Bg7 5. d3 e6 6. h3 Nge7 7. Bg5 O-O 8. O-O f6
9. Be3 b6 10. Qc1 d5 11. exd5 exd5 12. Bb5 Bb7 13. Bh6 Qc7 14. Bxg7 Kxg7 15.
Nbd2 Ne5 16. Nxe5 fxe5 17. Nf3 a6 18. Ba4 b5 19. Bc2 Rae8 20. Re1 Nf5 21. Qd2 d4
22. Ng5 Nh4 23. Ne4 Rf4 24. Re2 Ref8 25. Rf1 Qc8 26. f3 Bd5 27. b3 Qc7 28. c4
Bb7 29. Qe1 Qe7 30. cxb5 axb5 31. Qa5 Bxe4 32. dxe4 Qg5 33. Ref2 Rxf3 34. Qe1
Nxg2 35. Rxg2 Rxf1+ 36. Qxf1 Rxf1+ 37. Kxf1 Qc1+ {White resigns} 0-1

[Event "Team 45 45 League T71"]
[Site "Internet Chess Club"]
[Date "2017.01.22"]
[Round "6"]
[White "ArielS"]
[Black "AVEMARIA"]
[Result "0-1"]
[WhiteElo "1564"]
[BlackElo "1712"]
[Opening "QGD Slav defense: exchange variation"]
[ECO "D13"]
[Time "17:00:36"]
[TimeControl "2700+45"]

1. d4 d5 2. c4 c6 3. cxd5 cxd5 4. Nc3 Nf6 5. Nf3 Bf5 6. Qb3 Nc6 7. Qb4 Qc8 8.
Qb3 e6 9. e3 Be7 10. Bb5 O-O 11. O-O Nd7 12. Bd2 a6 13. Bxc6 Qxc6 14. Rac1 Qb6
15. Qb5 axb5 {White resigns} 0-1

[Event "Team 45 45 League T71"]
[Site "Internet Chess Club"]
[Date "2017.01.21"]
[Round "6"]
[White "Agarnez"]
[Black "santiagoelawad"]
[Result "0-1"]
[WhiteElo "1943"]
[BlackElo "2037"]
[Opening "Benoni: fianchetto variation"]
[ECO "A62"]
[Time "13:04:05"]
[TimeControl "2700+45"]

1. d4 Nf6 2. c4 c5 3. d5 e6 4. Nc3 exd5 5. cxd5 d6 6. Nf3 g6 7. g3 Bg7 8. Bg2
O-O 9. O-O Re8 10. Nd2 Na6 11. Nc4 Nc7 12. Bf4 Bf8 13. Qd2 b5 14. Na5 b4 15. Nd1
Ba6 16. Ne3 Nh5 17. Nec4 Nxf4 18. gxf4 Nb5 19. e3 Qd7 20. a3 bxa3 21. bxa3 Bg7
22. Rac1 Rab8 23. a4 Nc7 24. Rb1 Qxa4 25. Nxd6 Bxf1 26. Rxf1 Rb2 27. Qd3 Rd8 28.
Ndb7 c4 29. Qxc4 Qxc4 30. Nxc4 Rxb7 31. d6 Rb4 32. dxc7 Rc8 33. Ne5 Bxe5 34.
fxe5 Rxc7 35. Bd5 Rb5 36. e4 a5 37. e6 fxe6 38. Bxe6+ Kg7 39. Bd5 Ra7 40. Ra1 a4
41. Bc6 Rb6 42. Rxa4 Rxa4 43. Bxa4 g5 44. Kg2 Rb4 45. Bc6 Rb3 46. Bd5 Rc3 47. f3
Kf6 48. Kg3 h5 49. Kg2 h4 50. Kf2 Rc2+ 51. Kg1 Ke5 52. Bf7 Kf4 53. Bh5 h3 54.
Bg4 Rc1+ 55. Kf2 Rh1 56. Bxh3 Rxh2+ 57. Bg2 Rh8 58. Bf1 Rb8 59. e5 Re8 60. Bb5
Rxe5 61. Bc6 Rc5 62. Bb7 Rc2+ 63. Ke1 Ke3 64. Kf1 Rf2+ 65. Kg1 Rxf3 {White
resigns} 0-1

[Event "Team 45 45 League T71"]
[Site "Internet Chess Club"]
[Date "2017.01.21"]
[Round "6"]
[White "primerpaso"]
[Black "kamalchandran"]
[Result "1-0"]
[WhiteElo "1807"]
[BlackElo "1901"]
[Opening "English opening"]
[ECO "A16"]
[Time "22:32:36"]
[TimeControl "2700+45"]

1. c4 Nf6 2. Nc3 g6 3. g3 Bg7 4. Bg2 O-O 5. e4 d6 6. Nge2 c5 7. O-O Nc6 8. d3 a6
9. h3 Rb8 10. f4 Bd7 11. Be3 b5 12. Rb1 Ne8 13. b3 b4 14. Na4 Nc7 15. Qd2 Ne6
16. g4 Ned4 17. Ng3 e6 18. e5 Na7 19. Ne4 Bxa4 20. bxa4 dxe5 21. Nxc5 exf4 22.
Bxf4 Qb6 23. Bxb8 Rxb8 24. Qf2 Qxc5 25. Qxf7+ Kh8 26. Kh1 Nac6 27. Be4 Ne2 28.
Qc7 Ng3+ 29. Qxg3 {Black resigns} 1-0

[Event "Team 45 45 League T71"]
[Site "Internet Chess Club"]
[Date "2017.01.22"]
[Round "6"]
[White "Grann"]
[Black "VictorRed"]
[Result "1-0"]
[WhiteElo "1982"]
[BlackElo "1696"]
[Opening "Philidor's defense"]
[ECO "C41"]
[Time "20:06:41"]
[TimeControl "2700+45"]

1. e4 e5 2. Nf3 d6 3. d4 Nc6 4. d5 Nb8 5. c4 Bg4 6. Nc3 Nf6 7. h3 Bh5 8. Bd3
Nbd7 9. O-O Nc5 10. Bc2 h6 11. b4 Ncd7 12. a4 Be7 13. a5 Nh7 14. Qd3 Ng5 15. Nh4
Nxe4 16. Nf5 Nxc3 17. Nxg7+ Kf8 18. Nxh5 Nf6 19. Ng3 Ncxd5 20. cxd5 Nd7 21. Nf5
Bg5 22. f4 Bf6 23. fxe5 Nxe5 24. Qe2 Bg5 25. Bb2 Qe8 26. Rae1 Rg8 27. Nd4 Bh4
28. Ne6+ {Black resigns} 1-0

[Event "Team 45 45 League T71"]
[Site "Internet Chess Club"]
[Date "2017.01.18"]
[Round "6"]
[White "QuieroAprender"]
[Black "roji"]
[Result "0-1"]
[WhiteElo "1586"]
[BlackElo "1967"]
[Opening "Scandinavian (center counter) defense"]
[ECO "B01"]
[Time "20:16:05"]
[TimeControl "2700+45"]

1. e4 d5 2. exd5 Qxd5 3. Nc3 Qa5 4. Bb5+ c6 5. Be2 Bf5 6. Nf3 Nf6 7. d3 Nbd7 8.
Bd2 Qc7 9. h3 e5 10. O-O Bc5 11. Be3 O-O 12. Bxc5 Nxc5 13. Nh4 Be6 14. g4 Rad8
15. Qe1 Rfe8 16. f3 Nd5 17. Nxd5 cxd5 18. Qf2 Bc8 19. d4 exd4 20. Bd3 Nxd3 21.
cxd3 Re3 22. Rac1 Qe7 23. Rfe1 Qf6 24. Rxe3 dxe3 25. Qg3 Bd7 26. Rc2 Bc6 27. Nf5
d4 28. b3 g6 29. Nh6+ Kf8 30. f4 Qd6 31. g5 Re8 32. Kf1 Bb5 33. Ke2 Qa6 {White
resigns} 0-1

[Event "Team 45 45 League T71"]
[Site "Internet Chess Club"]
[Date "2017.01.22"]
[Round "6"]
[White "SlimeDog2"]
[Black "chesswooog"]
[Result "1-0"]
[WhiteElo "2112"]
[BlackElo "2038"]
[Opening "Nimzo-Indian: Fischer variation, 5.Ne2"]
[ECO "E44"]
[Time "20:05:09"]
[TimeControl "2700+45"]

1. d4 Nf6 2. c4 e6 3. Nc3 Bb4 4. e3 b6 5. Ne2 Bb7 6. a3 Be7 7. d5 exd5 8. cxd5
O-O 9. Nf4 Bd6 10. Be2 Bxf4 11. exf4 d6 12. O-O a5 13. Be3 Ba6 14. Nb5 Qd7 15.
a4 Bxb5 16. axb5 Qf5 17. Bf3 Nbd7 18. g4 {Black resigns} 1-0

[Event "Team 45 45 League T71"]
[Site "Internet Chess Club"]
[Date "2017.01.20"]
[Round "6"]
[White "room-matt"]
[Black "searchforbobby1"]
[Result "1-0"]
[WhiteElo "1882"]
[BlackElo "1927"]
[Opening "Sicilian: Pelikan, Bird variation"]
[ECO "B33"]
[Time "14:10:14"]
[TimeControl "2700+45"]

1. e4 c5 2. Nf3 Nc6 3. d4 cxd4 4. Nxd4 Nf6 5. Nc3 e5 6. Ndb5 d6 7. Bg5 a6 8. Na3
Be6 9. Nc4 Rc8 10. Nd5 Bxd5 11. exd5 Ne7 12. Qf3 b5 13. Ne3 Qa5+ 14. Ke2 Qb4 15.
Bxf6 gxf6 16. Rb1 Bh6 17. Qxf6 Ng6 18. Qf5 O-O 19. Kd1 e4 20. Qf6 Bg7 21. a3 Qc5
22. Qf5 Rfe8 23. Qd7 Bh6 24. c3 Bxe3 25. fxe3 Qxe3 26. Qxd6 Rcd8 27. Qxa6 Rxd5+
28. Kc2 Qc5 29. Be2 Nf4 30. Rbe1 Red8 31. Qf6 Qe3 32. Bg4 Qf2+ 33. Re2 Nxe2 34.
Qxf2 Rd2+ 35. Kb3 Nd4+ 36. Qxd4 R2xd4 37. cxd4 Rxd4 38. Rd1 Rxd1 39. Bxd1 {Black
resigns} 1-0

[Event "Team 45 45 League T71"]
[Site "Internet Chess Club"]
[Date "2017.01.20"]
[Round "6"]
[White "ArturitoGalacti"]
[Black "fishhead"]
[Result "1-0"]
[WhiteElo "1877"]
[BlackElo "1673"]
[Opening "King's Indian: Sämisch, 5...O-O"]
[ECO "E81"]
[Time "19:13:02"]
[TimeControl "2700+45"]

1. c4 Nf6 2. Nc3 g6 3. e4 d6 4. d4 Bg7 5. f3 O-O 6. Bg5 Nbd7 7. Qd2 c6 8. Nh3
Qc7 9. Nf2 e5 10. d5 c5 11. Be2 a6 12. Bh6 Re8 13. Bxg7 Kxg7 14. g4 Nf8 15. h4
Ng8 16. h5 Qe7 17. hxg6 fxg6 18. a4 h6 19. Kd1 g5 20. Kc2 Ng6 21. Nd3 Bd7 22. a5
b5 23. axb6 Reb8 24. Na4 Bxa4+ 25. Rxa4 Rxb6 26. Rb1 Qb7 27. b4 Rf8 28. Rb2 cxb4
29. Raxb4 Rxb4 30. Qxb4 Qc7 31. c5 dxc5 32. Qb7 Rc8 33. Qxa6 Rb8 34. Rxb8 Qxb8
35. Nxc5 Qf8 36. Ne6+ {Black resigns} 1-0

[Event "Team 45 45 League T71"]
[Site "Internet Chess Club"]
[Date "2017.01.20"]
[Round "6"]
[White "zap2"]
[Black "ChessHouston"]
[Result "0-1"]
[WhiteElo "1771"]
[BlackElo "1921"]
[Opening "Benko's opening"]
[ECO "A00"]
[Time "15:09:53"]
[TimeControl "2700+45"]

1. g3 Nf6 2. Bg2 c5 3. Nf3 g6 4. O-O Bg7 5. d3 Nc6 6. e4 d6 7. Nbd2 O-O 8. c3
Qc7 9. Nh4 Rb8 10. a4 a6 11. f4 b5 12. axb5 axb5 13. Ndf3 e5 14. f5 c4 15. h3
cxd3 16. Qxd3 d5 17. fxg6 dxe4 18. gxh7+ Kh8 19. Qc2 exf3 20. Nxf3 Nxh7 21. Be3
Be6 22. Ra6 Bc4 23. Rxc6 Qxc6 24. Ng5 Qg6 25. Be4 Bxf1 26. Bxg6 fxg6 27. Ne6 Rf6
28. Nxg7 Kxg7 29. Qd2 Bc4 30. Bh6+ Kg8 31. Qd7 Bf7 32. h4 Re6 33. Qc7 Rbe8 34.
Qb7 e4 35. Be3 Nf6 36. Qxb5 Ng4 37. Bd4 e3 38. Qg5 e2 39. Kg2 e1=Q 40. Kf3 Qe4#
{White checkmated} 0-1

[Event "Team 45 45 League T71"]
[Site "Internet Chess Club"]
[Date "2017.01.21"]
[Round "6"]
[White "Portola"]
[Black "zepled37"]
[Result "1/2-1/2"]
[WhiteElo "1742"]
[BlackElo "1686"]
[Opening "King's Indian: East Indian defense"]
[ECO "A48"]
[Time "15:06:54"]
[TimeControl "2700+45"]

1. d4 Nf6 2. Nf3 g6 3. c3 Bg7 4. Bg5 d5 5. Nbd2 Nbd7 6. e3 O-O 7. Bd3 c6 8. O-O
Re8 9. Qe2 Qb6 10. Rab1 Nf8 11. Ne5 N6d7 12. Nef3 e5 13. dxe5 Nxe5 14. Nxe5 Bxe5
15. Nf3 Bg7 16. Bh4 Bd7 17. h3 Qc7 18. Bg3 Qd8 19. Qc2 Ne6 20. Rbd1 Nc5 21. Rfe1
Nxd3 22. Qxd3 Bf5 23. Qd2 Qa5 24. a3 Bf6 25. Bf4 Rad8 26. Qc1 Qb6 27. Rd2 a6 28.
Red1 Qa5 29. Kh2 Qb6 30. Kg1 Qa5 31. Kh1 Qb6 32. Nd4 Bc8 33. b4 Be5 34. Bxe5
Rxe5 35. Nf3 Ree8 36. Rd4 Re4 37. R1d2 Rxd4 38. Nxd4 Qc7 39. Qd1 Re8 40. Nf3 Qe7
41. Rd4 Qf6 42. Kg1 Kg7 43. c4 Be6 44. c5 Bc8 45. Nh2 Kg8 46. Ng4 Bxg4 47. Qxg4
Kg7 48. Rf4 Qa1+ 49. Kh2 Qe5 50. g3 Qe6 51. Qf3 Re7 52. Kg2 Kg8 53. g4 Kg7 54.
h4 h6 55. g5 h5 56. Kg1 Qe5 57. Qd1 Qb2 58. Kg2 Rxe3 59. Kg1 Re7 60. Kg2 Qe5 61.
Qd2 Qe1 62. Qd4+ Qe5 63. Qd2 Qe1 64. Qd4+ Qe5 65. Qd2 {Game drawn by repetition}
1/2-1/2

[Event "Team 45 45 League T71"]
[Site "Internet Chess Club"]
[Date "2017.01.19"]
[Round "6"]
[White "Grenadier"]
[Black "rubo"]
[Result "1-0"]
[WhiteElo "1573"]
[BlackElo "1600"]
[Opening "Caro-Kann: exchange, Rubinstein variation"]
[ECO "B13"]
[Time "20:00:33"]
[TimeControl "2700+45"]

1. e4 c6 2. d4 d5 3. exd5 cxd5 4. Bd3 Nc6 5. c3 Nf6 6. Bf4 Bg4 7. Qb3 Qc8 8. Nd2
Bh5 9. Ngf3 Bg6 10. Be2 h6 11. Ne5 Bh7 12. Rc1 e6 13. Bg3 Be7 14. O-O O-O 15.
Ndf3 a6 16. c4 Rd8 17. Nxc6 bxc6 18. c5 Ne4 19. Be5 Bf6 20. Bxf6 gxf6 21. a3 Kg7
22. Qe3 Qc7 23. b4 Ng5 24. h4 Nxf3+ 25. Qxf3 Rg8 26. Rc3 Be4 27. Qg3+ Kf8 28.
Qxc7 Rxg2+ 29. Kh1 Rxf2+ 30. Bf3 Rxf1+ 31. Kg2 Rxf3 32. Rxf3 Kg7 33. Kf2 {Black
resigns} 1-0

[Event "Team 45 45 League T71"]
[Site "Internet Chess Club"]
[Date "2017.01.21"]
[Round "6"]
[White "g8wrb"]
[Black "bmw2002"]
[Result "0-1"]
[WhiteElo "1257"]
[BlackElo "1514"]
[Opening "Caro-Kann: classical variation"]
[ECO "B18"]
[Time "13:33:28"]
[TimeControl "2700+45"]

1. e4 c6 2. d4 d5 3. Nc3 dxe4 4. Nxe4 Bf5 5. Ng3 Bd7 6. Nf3 Nf6 7. Bd3 Qc7 8.
O-O g6 9. Bg5 Bg7 10. Re1 e6 11. Qd2 Nd5 12. c3 h6 13. Be3 Nxe3 14. Qxe3 O-O 15.
Ne5 Be8 16. Bc4 Nd7 17. Rad1 Nxe5 18. dxe5 Rd8 19. Rxd8 Qxd8 20. Qxa7 Qd2 21.
Qe3 Qxb2 22. h3 Qa3 23. Rd1 Qa5 24. f4 Qc7 25. Ne4 Kh7 26. Nf6+ Bxf6 27. exf6 b5
28. Bb3 c5 29. Qe5 Qa7 30. Qe3 Bc6 31. Rd2 Ra8 32. Bd1 c4 33. Qxa7 Rxa7 34. Bc2
Bd5 35. Bb1 Ra3 36. Rb2 Bc6 37. Rc2 h5 38. Rc1 h4 39. Kh2 Kh6 40. Kg1 g5 41.
fxg5+ Kxg5 42. Kf2 Kxf6 43. g3 hxg3+ 44. Kxg3 b4 45. Rf1+ Kg7 46. Kf4 Rxc3 47.
h4 Rh3 48. Kg4 Rh1 49. Rxh1 Bxh1 50. Kg5 f6+ 51. Kf4 Kh6 52. Bc2 Bd5 53. Bd1 b3
54. axb3 cxb3 55. Be2 b2 56. Bd3 Ba2 {White resigns} 0-1

[Event "Team 45 45 League T71"]
[Site "Internet Chess Club"]
[Date "2017.01.18"]
[Round "6"]
[White "kwen2008"]
[Black "Lrn2Mate"]
[Result "0-1"]
[WhiteElo "1524"]
[BlackElo "1592"]
[Opening "Scandinavian (center counter) defense"]
[ECO "B01"]
[Time "22:31:24"]
[TimeControl "2700+45"]

1. e4 d5 2. exd5 Qxd5 3. Nf3 Nf6 4. Nc3 Qd8 5. Be2 Bf5 6. O-O e6 7. d4 Nbd7 8.
Nh4 Bg6 9. Nxg6 hxg6 10. Bf3 c6 11. Bg5 Be7 12. Ne4 Nxe4 13. Bxe7 Qxe7 14. Bxe4
Qh4 15. h3 Qxe4 16. Re1 Qd5 17. b3 O-O-O 18. c4 Qd6 19. Qf3 Nf6 20. Rad1 Qc7 21.
b4 Rh4 22. b5 Rhxd4 23. bxc6 Qxc6 24. Rxd4 Rxd4 25. Qe3 Re4 26. Qd2 Rxe1+ 27.
Qxe1 Qxc4 28. Qe3 Kb8 29. Qe5+ Qc7 30. Qb2 Qf4 31. Qa3 Nd5 32. Qf8+ Kc7 33. Qc5+
Kd7 34. Qb5+ Ke7 35. Qc5+ Kf6 36. Qxa7 Qc1+ 37. Kh2 b6 38. Qb8 Qf4+ 39. Qxf4+
Nxf4 40. Kg3 Kf5 41. Kf3 b5 42. g4+ Ke5 43. h4 b4 44. Kg3 Nd5 45. Kf3 Nc3 46.
Ke3 Kd5 47. f4 Nxa2 48. Kd2 Kc4 49. Kc2 Nc3 50. Kb2 Ne2 51. Kc2 b3+ 52. Kb2 Nxf4
53. Kb1 Kc3 54. Kc1 b2+ 55. Kb1 e5 56. g5 e4 57. h5 gxh5 58. g6 fxg6 59. Ka2 Kc2
60. Ka3 b1=Q 61. Ka4 Kc3 62. Ka5 Kc4 63. Ka6 Kc5 64. Ka7 Kc6 65. Ka8 Qb7# {White
checkmated} 0-1

[Event "Team 45 45 League T71"]
[Site "Internet Chess Club"]
[Date "2017.01.20"]
[Round "6"]
[White "dinosaurchess"]
[Black "clarinetref"]
[Result "0-1"]
[WhiteElo "1361"]
[BlackElo "1570"]
[Opening "Robatsch (modern) defense"]
[ECO "B06"]
[Time "22:02:28"]
[TimeControl "2700+45"]

1. e4 g6 2. d4 d6 3. Nf3 c6 4. Nc3 Nd7 5. Bc4 e6 6. O-O h6 7. b3 Ngf6 8. h3 Nxe4
9. Nxe4 d5 10. Bxd5 exd5 11. Nc3 Be7 12. Re1 Kf8 13. Bb2 Bf6 14. Ne2 Kg7 15. Ng3
b6 16. Ne5 Bb7 17. c4 c5 18. Rb1 Re8 19. Nxd7 Rxe1+ 20. Qxe1 Qxd7 21. dxc5 Bxb2
22. Rxb2 Re8 23. Qc3+ d4 24. Qd2 bxc5 25. b4 Qc6 26. bxc5 Qxg2# {White
checkmated} 0-1

[Event "Team 45 45 League T71"]
[Site "Internet Chess Club"]
[Date "2017.01.23"]
[Round "6"]
[White "Aquaman"]
[Black "ilovepi"]
[Result "1-0"]
[WhiteElo "1361"]
[BlackElo "1226"]
[Opening "Réti: King's Indian attack"]
[ECO "A05"]
[Time "20:01:07"]
[TimeControl "2700+45"]

1. Nf3 Nf6 2. g3 g6 3. Bg2 Bg7 4. O-O O-O 5. d3 d6 6. Nbd2 c5 7. e4 Nc6 8. c3
Nd7 9. Re1 Nde5 10. Nxe5 Bxe5 11. Nf3 Bg7 12. h4 Bg4 13. Qc2 Qd7 14. Kh2 Rac8
15. Be3 Bxf3 16. Bxf3 Ne5 17. Be2 Ng4+ 18. Bxg4 Qxg4 19. Rg1 f5 20. exf5 Qxf5
21. Raf1 c4 22. Rd1 cxd3 23. Qxd3 Qxd3 24. Rxd3 b6 25. f4 Rc4 26. Bd2 Re4 27.
Rg2 Rf6 28. Re3 Rfe6 29. Rxe4 Rxe4 30. Kg1 Ra4 31. a3 Ra5 32. Re2 Bf6 33. Kg2
Rd5 34. Kf3 Rb5 35. b4 d5 36. a4 {Black resigns} 1-0

[Event "Team 45 45 League T71"]
[Site "Internet Chess Club"]
[Date "2017.01.22"]
[Round "6"]
[White "chessnow"]
[Black "pishd"]
[Result "1-0"]
[WhiteElo "1775"]
[BlackElo "1725"]
[Opening "French: Rubinstein variation"]
[ECO "C03"]
[Time "12:06:07"]
[TimeControl "2700+45"]

1. e4 e6 2. d4 d5 3. Nd2 dxe4 4. Nxe4 Nd7 5. Nf3 Ngf6 6. Ned2 c5 7. Nb3 cxd4 8.
Nbxd4 Qb6 9. a4 Bc5 10. a5 Qc7 11. Nb5 Qb8 12. Bc4 a6 13. Nbd4 Ne5 14. Bb3 Nxf3+
15. Nxf3 Bd7 16. O-O Qa7 17. Ne5 Bb5 18. c4 Rd8 19. Qf3 Bd7 20. Bg5 Ke7 21. Rad1
Bd4 22. Nxd7 Rxd7 23. Ba4 Rd6 24. Bf4 e5 25. Rfe1 Re6 26. Bg3 Rd8 27. Qa3+ Bc5
28. b4 Rxd1 29. Rxd1 Bd4 30. c5 Qb8 31. Bb3 Rc6 32. Rxd4 Nh5 33. Rd1 Nxg3 34.
hxg3 Qc8 35. Ba4 Rc7 36. Qd3 Kf8 37. Qd6+ Kg8 38. Qd8+ Qxd8 39. Rxd8# {Black
checkmated} 1-0

[Event "Team 45 45 League T71"]
[Site "Internet Chess Club"]
[Date "2017.01.20"]
[Round "6"]
[White "ascoli"]
[Black "idjit"]
[Result "1-0"]
[WhiteElo "1620"]
[BlackElo "1533"]
[Opening "French: Paulsen variation"]
[ECO "C10"]
[Time "09:56:02"]
[TimeControl "2700+45"]

1. e4 e6 2. d4 d5 3. Nc3 Nc6 4. Nf3 Bb4 5. e5 f6 6. Bd3 fxe5 7. Bg5 Be7 8. Bxe7
Ngxe7 9. Nxe5 Nxe5 10. dxe5 O-O 11. Qh5 g6 12. Qh6 Nf5 13. Qh3 Qg5 14. Rf1 Nh4
15. Qg3 Nxg2+ 16. Kd1 h6 17. Rg1 Qxg3 18. fxg3 Ne3+ 19. Ke2 Ng4 20. Bxg6 Nxe5
21. Bh5 Bd7 22. h4 Be8 23. Bxe8 Raxe8 24. Nb5 c6 25. Nd6 Re7 26. Raf1 Rxf1 27.
Rxf1 Rd7 28. Ne8 Ng4 29. Rf4 h5 30. Rxg4+ hxg4 31. Nf6+ {Black resigns} 1-0

[Event "Team 45 45 League T71"]
[Site "Internet Chess Club"]
[Date "2017.01.22"]
[Round "6"]
[White "losscause"]
[Black "anishio"]
[Result "0-1"]
[WhiteElo "1491"]
[BlackElo "1619"]
[Opening "Scotch: Göring gambit"]
[ECO "C44"]
[Time "19:00:25"]
[TimeControl "2700+45"]

1. e4 e5 2. Nf3 Nc6 3. d4 exd4 4. c3 Nf6 5. e5 Qe7 6. cxd4 d6 7. Bb5 Bd7 8. O-O
Nd5 9. Bxc6 Bxc6 10. exd6 Qxd6 11. Re1+ Be7 12. Bg5 f6 13. Bh4 O-O-O 14. Nc3 g5
15. Bg3 Qd7 16. h3 h5 17. Ne4 g4 18. Nh4 f5 19. Ng6 Rhg8 20. Nxe7+ Qxe7 21. Nc5
Qf7 22. Ne6 Rde8 23. Nf4 Nxf4 24. Bxf4 Qd5 25. Rxe8+ Rxe8 26. f3 gxh3 27. g3
Qxf3 28. Qxf3 Bxf3 29. Kf2 Bg4 30. Be5 Kd7 31. Rc1 c6 32. b4 b6 33. a4 a6 34.
Ke3 Ra8 35. Kf2 b5 36. a5 Re8 37. Rc5 Re7 38. Rc1 Rh7 39. Bf6 Rh6 40. Be5 h4 41.
Kg1 hxg3 42. Bxg3 Rg6 43. Kf2 Re6 44. Be5 Ke7 45. Kg3 Kf7 46. Rc2 Kg6 47. Kh4
Bf3 48. Kxh3 Kg5 49. Kg3 Be4 50. Rc1 Kh5 51. Kh3 Rg6 52. Rc3 Rg4 53. Re3 Rg1 54.
Re2 Rf1 55. Re3 Bd5 56. Kg3 Kg5 57. Kh3 f4 58. Rc3 Rh1# {White checkmated} 0-1